 Dungeon Crawl Stone Soup version 0.20.1-1-g8b1a95d (webtiles) character file.

66 gobwax the Firebug (level 4, -4/27 HPs)
             Began as an Octopode Fire Elementalist on Aug 15, 2017.
             Slain by Crazy Yiuf
             ... wielding a +3 quarterstaff of chaos
              (9 damage)
             ... on level 3 of the Dungeon.
             The game lasted 00:05:21 (1760 turns).

gobwax the Firebug (Octopode Fire Elementalist)     Turns: 1760, Time: 00:05:22

Health: -4/27      AC:  6    Str:  7    XL:     4   Next: 15%
Magic:  3/8        EV: 13    Int: 18    God:
Gold:   67         SH:  0    Dex: 12    Spells: 1/8 levels left

rFire    . . .     SeeInvis .   (no weapon)
rCold    . . .     Gourm    .   (no shield)
rNeg     . . .     Faith    .   (helmet restricted)
rPois    .         Spirit   .   (no amulet)
rElec    .         Reflect  .   d - +5 ring of protection
rCorr    .         Harm     .   (no ring)
MR       .....                  (no ring)
Stlth    +++.......             (no ring)
Regen    0.1/turn               (no ring)
MPRegen  0.2/turn               (no ring)
                                (no ring)
                                (no ring)

@: very slightly contaminated
A: almost no armour, stealthy swim, amphibious, 8 rings, constrict 8, camouflage
1, gelatinous body 1
a: no special abilities


You were on level 3 of the Dungeon.
You were near starving.

You visited 1 branch of the dungeon, and saw 3 of its levels.

You collected 67 gold pieces.

Inventory:

Jewellery
 d - a +5 ring of protection (left tentacle)
Wands
 m - a wand of paralysis (19/24)
Scrolls
 e - 2 scrolls of remove curse
 h - a scroll of random uselessness {unknown}
 j - a scroll of amnesia {unknown}
 l - a scroll of enchant weapon {unknown}
 n - 3 scrolls of identify {unknown}
Potions
 c - 3 potions of curing {unknown}
 g - 3 potions of flight {unknown}
 k - 2 potions of magic {unknown}
Books
 a - a book of Flames

   Spells                             Type                      Level
   a - Flame Tongue                   Conjuration/Fire             1
   b - Throw Flame                    Conjuration/Fire             2
   c - Conjure Flame                  Conjuration/Fire             3
   d - Inner Flame                    Hexes/Fire                   3
   e - Sticky Flame                   Conjuration/Fire             4
   f - Fireball                       Conjuration/Fire             5
Comestibles
 b - 6 bread rations
 f - 3 fruits
 i - a royal jelly


   Skills:
 - Level 2.0 Dodging
 - Level 2.6 Stealth
 + Level 2.7 Spellcasting
 + Level 1.5 Conjurations
 + Level 4.2 Fire Magic


You had one spell level left.
You knew the following spells:

 Your Spells              Type           Power        Failure   Level  Hunger
a - Flame Tongue          Conj/Fire      ##...        5%          1    #......
b - Throw Flame           Conj/Fire      ##....       8%          2    ##.....
c - Sticky Flame          Conj/Fire      ##......     45%         4    #####..


Dungeon Overview and Level Annotations

Branches:
Dungeon (3/15)

Altars:
Okawaru

Annotations:
D:3 Crazy Yiuf


Innate Abilities, Weirdness & Mutations

You cannot wear most types of armour.
You are very stealthy in the water. (Stealth+)
You are amphibious.
You can wear up to eight rings at the same time.
You can use your tentacles to constrict eight enemies at once.
Your skin changes colour to match your surroundings (Stealth+).
Your rubbery body absorbs attacks. (AC +1, EV +1)


Message History

You are near starving!
Crazy Yiuf hits you with a quarterstaff of chaos.
* * * LOW HITPOINT WARNING * * *
Crazy Yiuf draws strength from your wounds!
Crazy Yiuf says, "Papa sanguine ragdoll!"
You open the door.
Crazy Yiuf hits you with a quarterstaff of chaos.
* * * LOW HITPOINT WARNING * * *
There is an open door here.
Crazy Yiuf says, "Iron!
Castle cloud dark."
Crazy Yiuf whimpers, "Trifle ragdoll cloud!"
There is an open door here.
There is a stone staircase leading down here.
Crazy Yiuf barely misses you.
You climb downwards.
A rat comes into view.
Found a flail.
There is a stone staircase leading up here.
Crazy Yiuf hits you with a quarterstaff of chaos!
You die...

###########
#.....@<..#
#.#####g.)#
........
.....#....
.....#.....
......#.....
.......#
....
........r
...


You could see Crazy Yiuf and a rat (sleeping).

Vanquished Creatures
  2 adders (D:2)
  2 leopard geckos
  A ball python (D:1)
  6 bats
  3 giant cockroaches
  9 goblins
  7 hobgoblins
  3 jackals (D:2)
  A kobold (D:1)
  6 rats
40 creatures vanquished.

Notes
Turn   | Place    | Note
-------+----------+-------------------------------------------
     0 | D:1      | gobwax the Octopode Fire Elementalist began the quest for the Orb.
     0 | D:1      | Reached XP level 1. HP: 11/11 MP: 3/3
    95 | D:1      | Reached XP level 2. HP: 12/17 MP: 0/5
   461 | D:1      | Reached XP level 3. HP: 16/21 MP: 2/6
   874 | D:2      | Found an iron altar of Okawaru.
   967 | D:2      | Reached skill level 4 in Fire Magic
  1127 | D:2      | Reached XP level 4. HP: 22/27 MP: 8/8
  1183 | D:2      | Learned a level 2 spell: Throw Flame
  1188 | D:2      | Learned a level 4 spell: Sticky Flame
  1230 | D:2      | Found a runed door.
  1659 | D:2      | Noticed Crazy Yiuf
  1760 | D:3      | Slain by Crazy Yiuf

Skill      XL: |  1  2  3 |
---------------+----------+-----
Fire Magic     | 4 |  4.2
Dodging        | |  2.0
Stealth        | |  2.6
Spellcasting   | |  2.7
Conjurations   | |  1.5

Action                   |  1- 3 |  4- 6 || total
-------------------------+-------+-------++-------
Melee: Unarmed           |    54 |    23 ||    77
       Constrict         |    15 |     6 ||    21
       Tentacles         |     8 |     1 ||     9
 Cast: Flame Tongue      |    32 |     8 ||    40
       Sticky Flame      |       |     1 ||     1
  Use: Scroll            |     1 |       ||     1
 Stab: Sleeping          |     2 |     1 ||     3
  Eat: Chunk             |     1 |       ||     1
       Fruit             |       |     1 ||     1
Armor: Skin              |    14 |     6 ||    20
Dodge: Dodged            |    51 |    18 ||    69
